 Dungeon Crawl Stone Soup version 0.22-b1-59-g0aedee734a (webtiles) character file.

13428 KamiKatze the Cleaver (level 11, -4/151 HPs)
             Began as a Minotaur Berserker on Aug 8, 2018.
             Was a High Priest of Trog.
             Slain by a wolf spider (14 damage)
             ... on level 11 of the Dungeon on Aug 9, 2018.
             The game lasted 00:45:42 (10879 turns).

KamiKatze the Cleaver (Minotaur Berserker)         Turns: 10879, Time: 00:45:43

Health: -4/151     AC: 15    Str: 29    XL:     11   Next: 75%
Magic:  1/1        EV: 12    Int:  4    God:    Trog [*****.]
Gold:   704        SH:  0    Dex: 11    Spells: 10/10 levels left

rFire    + . .     SeeInvis +   a - +1 war axe
rCold    . . .     Gourm    .   (no shield)
rNeg     . . .     Faith    .   C - +0 plate armour
rPois    .         Spirit   .   k - +1 hat {MR+}
rElec    .         Reflect  .   (no cloak)
rCorr    .         Harm     .   (no gloves)
MR       +++..                  (no boots)
Stlth    ..........             j - amulet of Kaygifikh {*Contam +Rage +Fly MP-9 SInv}
HPRegen  1.35/turn              y - ring of stealth
MPRegen  0.07/turn              M - ring of protection from fire

@: berserking, lethally poisoned (-4 -> -14), regenerating, very quick
A: retaliatory headbutt, horns 2
a: Berserk, Trog's Hand, Brothers in Arms, Renounce Religion, Evoke Berserk
Rage, Evoke Flight


You were on level 11 of the Dungeon.
You worshipped Trog.
Trog was extremely pleased with you.
You were near starving.

You visited 2 branches of the dungeon, and saw 12 of its levels.

You collected 704 gold pieces.

Inventory:

Hand Weapons
 a - a +1 war axe (weapon)
 b - a +0 hand axe of flaming
 f - a +0 battleaxe
Missiles
 d - 327 stones
 H - 9 tomahawks (quivered)
 N - 4 throwing nets
Armour
 k - a +1 hat of magic resistance (worn)
 C - a +0 plate armour (worn)
Jewellery
 j - the amulet of Kaygifikh (around neck) {*Contam +Rage +Fly MP-9 SInv}
   (You found it on level 10 of the Dungeon)

   [amulet of rage]

   It affects your magic capacity (-9).
   It lets you see invisible.
   It lets you fly.
   It lets you go berserk.
   It causes magical contamination when unequipped.
 y - a ring of stealth (left hand)
 M - a ring of protection from fire (right hand)
Wands
 i - a wand of polymorph (7)
 q - a wand of clouds (11)
 t - a wand of scattershot (5)
 z - a wand of flame (16)
 E - a wand of acid (5)
 F - a wand of iceblast (7)
 K - a wand of paralysis (14)
Scrolls
 g - 6 scrolls of teleportation
 l - a scroll of remove curse
 o - 2 scrolls of magic mapping
 s - 3 scrolls of fear
 v - 2 scrolls of immolation
 w - 2 scrolls of blinking
 B - 4 scrolls of enchant weapon
 G - 3 scrolls of fog
 J - a scroll of enchant armour
Potions
 e - 3 potions of curing
 h - a potion of invisibility
 m - 2 potions of lignification
 n - a potion of mutation {unknown}
 p - 3 potions of heal wounds
 r - a potion of cancellation
 u - a potion of degeneration {unknown}
 x - 2 potions of ambrosia
 A - 4 potions of brilliance {unknown}
 D - 4 potions of haste
 L - 2 potions of might {unknown}
Miscellaneous
 O - a phantom mirror
Comestibles
 c - 20 rations
 I - 2 chunks of flesh


   Skills:
 + Level 10.8 Fighting
 * Level 14.2 Axes
 + Level 10.5 Armour
 + Level 9.6 Dodging


You had 10 spell levels left.
You didn't know any spells.
Your spell library was empty.

Dungeon Overview and Level Annotations

Branches:
Dungeon (11/15)            Temple (1/1) D:4            Lair (0/6) D:9
    Orc: D:9-12

Altars:
Ashenzari
Cheibriados
Dithmenos
Elyvilon
Fedhas
Gozag
Hepliaklqana
Kikubaaqudgha
Makhleb
Nemelex Xobeh
Okawaru
Qazlal
Ru
Sif Muna
Trog
Uskayaw
Vehumet
Wu Jian
Xom
Yredelemnul
Zin
The Shining One

Shops:
D:6 ?[[   D:7 ?

Annotations:
D:4 1 runed door, burekbajo's ghost, amateur MiFi
D:7 2 transporters, SpeedyPerson7's ghost, novice DDFi


Innate Abilities, Weirdness & Mutations

You reflexively headbutt those who attack you in melee.
You have a pair of horns on your head.


Message History

The wolf spider is severely wounded.
You feel sick. The wolf spider hits you!
* * * LOW HITPOINT WARNING * * *
The wolf spider bites you.
* * * LOW HITPOINT WARNING * * *
You are lethally poisoned!
The wolf spider poisons you! The wolf spider closely misses you. x2
A red film seems to cover your vision as you go berserk!
You feel yourself moving faster!
You feel mighty!
You are near starving!
You feel very sick. The wolf spider hits you.
* * * LOW HITPOINT WARNING * * *
The wolf spider closely misses you.
Some of the chunks of flesh in your inventory have rotted away.
You closely miss the wolf spider.
The wolf spider is heavily wounded.
* * * LOW HITPOINT WARNING * * *
You feel sick. The wolf spider hits you!
You die...

#.
#....#................. #
#....#.................
###....####'##...........
.............############
.)......................
...........=..........
#.........###.###....
##..s....##..#..##... #.
##.@...##..###..##..
#..###.###.#.....#.##.
#..........##.##...#.
#......##...#.#.).#.#.#.
##....# #.##...8รท..##..
#%###s ##..#.#...#.#.#. .
. #.....##.##...#. ..
#..#.#.....#.##. ..
#.#..#..###..##..


You could see a wolf spider.

Vanquished Creatures
  Harold (D:9)
  A hydra (D:9)
  2 two-headed ogres (D:11)
  An ogre mage (D:11)
  A tengu warrior (D:10)
  A deep elf mage (D:11)
  2 ugly things
  A gargoyle (D:11)
  A troll (D:11)
  Prince Ribbit (D:4)
  A hippogriff (D:11)
  2 dream sheep (D:9)
  Sigmund (D:2)
  2 wyverns
  5 yaks (D:9)
  Eustachio (D:4)
  4 hungry ghosts
  A soldier ant (D:10)
  A warg (D:11)
  A water moccasin (D:8)
  2 porcupines (D:9)
  3 orc warriors
  2 ice beasts
  4 black bears (D:9)
  2 ogres
  3 sky beasts
  2 centaurs
  2 phantoms
  2 crocodiles
  3 big kobolds (D:9)
  8 bullfrogs
  A gnoll sergeant (D:9)
  4 scorpions
  5 killer bees (D:8)
  A howler monkey (D:5)
  4 bullfrog zombies
  3 crimson imps
  A bullfrog skeleton (D:5)
  A centaur zombie (D:6)
  4 hounds
  8 jellies
  7 orc priests
  Crazy Yiuf (D:4)
  2 centaur skeletons
  6 orc wizards
  2 iguanas
  11 worker ants
  A hound zombie (D:4)
  2 hound skeletons
  4 worker ant zombies
  8 gnolls
  14 adders
  2 howler monkey skeletons
  A shadow imp (D:11)
  2 adder zombies
  A worm (D:3)
  7 leopard geckos
  26 orcs
  2 ball pythons
  11 bats
  5 giant cockroaches
  11 goblins
  7 hobgoblins
  6 jackals
  5 quokkas
  12 frilled lizards
  6 kobolds
  A leopard gecko skeleton (D:2)
  6 rats
  A fungus (D:9)
  2 plants (D:9)
268 creatures vanquished.

Vanquished Creatures (others)
  2 fungi (D:9)
  2 plants (D:9)
4 creatures vanquished.

Grand Total: 272 creatures vanquished

Notes
Turn   | Place    | Note
-------+----------+-------------------------------------------
     0 | D:1      | KamiKatze the Minotaur Berserker began the quest for the Orb.
     0 | D:1      | Reached XP level 1. HP: 19/19 MP: 0/0
   165 | D:1      | Reached XP level 2. HP: 22/27 MP: 1/1
   274 | D:1      | Reached skill level 4 in Axes
   776 | D:2      | Reached XP level 3. HP: 33/33 MP: 2/2
   852 | D:2      | Noticed Sigmund
   860 | D:2      | Killed Sigmund
   860 | D:2      | Reached skill level 5 in Axes
   860 | D:2      | Reached XP level 4. HP: 41/41 MP: 3/3
   860 | D:2      | Reached XP level 5. HP: 47/47 MP: 4/4
   930 | D:2      | Reached ** piety under Trog
  1159 | D:2      | You fall through a shaft!
  1160 | D:3      | Upgraded the game from 0.22-b1-26-g9dbaab1112 to 0.22-b1-59-g0aedee734a
  1869 | D:3      | Reached XP level 6. HP: 51/55 MP: 5/5
  1942 | D:3      | Reached skill level 6 in Axes
  2007 | D:3      | Reached skill level 5 in Fighting
  2131 | D:3      | Found an ornate altar of the Wu Jian Council.
  2141 | D:3      | Reached *** piety under Trog
  2142 | D:3      | Found a bloodstained altar of Trog.
  2142 | D:3      | Found a sacrificial altar of Ru.
  2146 | D:3      | Found a hide-covered altar of Uskayaw.
  2398 | D:4      | Reached XP level 7. HP: 41/61 MP: 6/6
  2418 | D:4      | Found a runed door.
  2423 | D:4      | Noticed burekbajo's ghost (amateur MiFi)
  2455 | D:4      | Noticed Eustachio
  2464 | D:4      | Killed Eustachio
  2464 | D:4      | Reached skill level 7 in Axes
  2464 | D:4      | Reached skill level 5 in Armour
  2710 | D:4      | Found a burning altar of Makhleb.
  2842 | D:4      | Found a staircase to the Ecumenical Temple.
  2908 | D:4      | Found a runed door.
  2913 | D:4      | Noticed Crazy Yiuf
  2922 | D:4      | Killed Crazy Yiuf
  3087 | Temple   | Entered the Ecumenical Temple
  3625 | D:5      | Entered Level 5 of the Dungeon
  3723 | D:5      | Noticed Prince Ribbit
  3729 | D:4      | Killed Prince Ribbit
  3729 | D:4      | Reached skill level 8 in Axes
  3729 | D:4      | Reached skill level 5 in Dodging
  3729 | D:4      | Reached XP level 8. HP: 41/70 MP: 7/7
  3803 | D:5      | Found an ancient bone altar of Kikubaaqudgha.
  4348 | D:5      | Reached skill level 9 in Axes
  4888 | D:6      | Found Sadwibb's Armour Boutique.
  4931 | D:6      | Found Caedwauh's Armour Shop.
  5148 | D:6      | Reached XP level 9. HP: 66/79 MP: 8/8
  5245 | D:6      | Found Sugeen's Magic Scroll Shoppe.
  5251 | D:6      | Reached **** piety under Trog
  5502 | D:7      | Found Senkuwah's Magic Scroll Shoppe.
  5524 | D:7      | Reached skill level 10 in Axes
  6161 | D:7      | Noticed SpeedyPerson7's ghost (novice DDFi)
  6162 | D:7      | Found a transporter.
  6165 | D:7      | Found a transporter.
  6331 | D:7      | Found an iron altar of Okawaru.
  6803 | D:8      | Found a shattered altar of Ashenzari.
  7288 | D:8      | Reached skill level 11 in Axes
  7656 | D:9      | Reached XP level 10. HP: 52/90 MP: 9/9
  7764 | D:9      | Found a basalt altar of Yredelemnul.
  7927 | D:9      | Noticed Harold
  7948 | D:9      | Killed Harold
  7966 | D:9      | Reached skill level 12 in Axes
  8006 | D:9      | Found a staircase to the Lair.
  8681 | D:9      | Noticed a three-headed hydra
  8703 | D:9      | Killed a three-headed hydra
  8961 | D:10     | Entered Level 10 of the Dungeon
  9321 | D:10     | Reached XP level 11. HP: 99/99 MP: 10/10
  9388 | D:10     | Reached ***** piety under Trog
  9423 | D:10     | Found a glowing golden altar of the Shining One.
  9573 | D:10     | Noticed a red ugly thing
  9590 | D:10     | Killed a red ugly thing
  9590 | D:10     | Reached skill level 13 in Axes
  9947 | D:10     | Got a shimmering ruby amulet
  9975 | D:10     | Identified the amulet of Kaygifikh {*Contam +Rage +Fly MP-9 SInv} (You found it on level 10 of the Dungeon)
 10086 | D:10     | Identified a scroll of acquirement
 10240 | D:11     | Reached skill level 10 in Fighting
 10256 | D:11     | Noticed a two-headed ogre
 10278 | D:11     | Killed a two-headed ogre
 10416 | D:11     | Noticed a tengu warrior
 10439 | D:10     | Killed a tengu warrior
 10439 | D:10     | Reached skill level 10 in Armour
 10593 | D:11     | Noticed a white ugly thing
 10619 | D:11     | Killed a white ugly thing
 10728 | D:11     | Noticed a deep elf mage
 10728 | D:11     | Noticed a two-headed ogre
 10750 | D:11     | Killed a deep elf mage
 10775 | D:11     | Killed a two-headed ogre
 10775 | D:11     | Reached skill level 14 in Axes
 10851 | D:11     | Noticed an ogre mage
 10858 | D:11     | Noticed a wolf spider
 10871 | D:11     | Killed an ogre mage
 10879 | D:11     | Slain by a wolf spider

Skill      XL: |  1  2  3  4  5  6  7  8  9 10 11 |
---------------+----------------------------------+-----
Axes           | 4 5 6 8 9 11 12 14 | 14.2
Fighting       | 4 5 6 7 8 9 10 | 10.8
Armour         | 3 4 5 6 8 9 10 | 10.5
Dodging        | 3 4 5 6 7 8 9 |  9.6

Action                   |  1- 3 |  4- 6 |  7- 9 | 10-12 || total
-------------------------+-------+-------+-------+-------++-------
Melee: Hand axe          |    41 |   166 |   290 |     7 ||   504
       Headbutt          |     5 |    29 |    76 |    61 ||   171
       War axe           |       |       |    78 |   283 ||   361
       Dire flail        |       |       |       |     8 ||     8
Throw: Stone             |       |       |     9 |       ||     9
       Tomahawk          |       |       |       |     8 ||     8
       Throwing net      |       |       |       |     3 ||     3
Invok: Berserk           |     1 |       |     2 |     2 ||     5
       Trog's Hand       |       |       |     3 |     5 ||     8
  Use: Scroll            |       |       |    15 |     8 ||    23
       Potion            |       |       |       |     3 ||     3
  Eat: Chunk             |       |     6 |    16 |    18 ||    40
       Ration            |       |       |     1 |     2 ||     3
Armor: Animal skin       |     3 |       |       |       ||     3
       Ring mail         |     6 |    39 |    24 |       ||    69
       Chain mail        |       |       |    95 |    80 ||   175
       Plate armour      |       |       |       |    31 ||    31
Dodge: Dodged            |    27 |    85 |   171 |   130 ||   413
